 Dungeon Crawl Stone Soup version 0.31.0-11-ge490571c62 (webtiles) character file.

Game seed: 12223840933155767851

99 BirdDuck the Trooper (level 4, -11/35 HPs)
             Began as a Demonspawn Chaos Knight on Jan 31, 2024.
             Was a Plaything of Xom.
             Mangled by an ogre
             ... wielding a +0 giant club
              (12 damage)
             ... on level 4 of the Dungeon.
             The game lasted 00:10:04 (1855 turns).

BirdDuck the Trooper (Demonspawn Chaos Knight)      Turns: 1855, Time: 00:10:04

Health: -11/35     AC: 14    Str: 14    XL:     4   Next: 45%
Magic:  4/4        EV: 12    Int: 12    God:    Xom [......]
Gold:   123        SH:  0    Dex: 13    Spells: 3/3 levels left

rFire   . . .        d - +2 dagger (protect)
rCold   . . .        (no shield)
rNeg    . . .        b - +2 leather armour
rPois   .            i - +1 helmet
rElec   .            (no cloak)
rCorr   .            (no gloves)
SInv    .            (no boots)
Will    .....        (no amulet)
Stlth   +            g - ring of flight
HPRegen 0.25/turn    (no ring)
MPRegen 0.09/turn

%: no passive effects
@: under a protective aura, flying
A: powered by pain 1, weakness stinger 2
a: Renounce Religion


You were on level 4 of the Dungeon.
You worshipped Xom.
You were a very special plaything of Xom.
You visited 1 branch of the dungeon, and saw 4 of its levels.

You collected 123 gold pieces.

Inventory:

Hand Weapons
 a - a +0 short sword of chaos
 d - a +2 dagger of protection (weapon)
Missiles
 e - 17 stones
 l - a throwing net
Armour
 b - a +2 leather armour (worn)
 i - a +1 helmet (worn)
 j - a +0 helmet
 o - an orb of guile
Jewellery
 g - a ring of flight (left hand)
Wands
 f - a wand of roots (3)
Scrolls
 c - a scroll of butterflies
 h - 2 scrolls of torment
 m - 3 scrolls of identify
 p - a scroll of blinking (quivered) {unknown}
Potions
 k - a potion of invisibility
 n - 2 potions of heal wounds {unknown}
 q - a potion of brilliance {unknown}


   Skills:
 + Level 3.4 Fighting
 + Level 3.4 Short Blades
 + Level 2.3 Armour
 + Level 2.4 Dodging
 + Level 0.2 Stealth


You had 3 spell levels left.
You didn't know any spells.
Your spell library was empty.

Dungeon Overview and Level Annotations

Branches:
Dungeon (4/15)
 Temple: D:4-7

Altars:
Ashenzari
Gozag
Okawaru
Xom

Shops:
D:1 [


Innate Abilities, Weirdness & Mutations

You sometimes gain a little power by taking damage.
You have a tail ending in a sharp stinger.


Message History

Your weapon exudes an aura of protection.
The quokka is heavily wounded.
The quokka completely misses you.
You barely miss the quokka.
The quokka is heavily wounded.
You hit the quokka.
You kill the quokka!
Found an opulent altar of Gozag.
Found 4 gold pieces.
Found 9 gold pieces.
A hound comes into view.
An ogre comes into view. It is wielding a +0 giant club.
The ogre shouts!
The hound barks!
The ogre moves out of view.
The hound bites you but does no damage. The hound bites you.
You closely miss the hound. The hound bites you.
You miss the hound.
You tail-slap the hound, but do no damage.
The hound barely misses you. The ogre misses you.
You hit the hound.
Your weapon exudes an aura of protection.
Your tail-slap misses the hound.
The hound is moderately wounded.
The hound barely misses you. x2
You hit the hound but do no damage.
The hound is moderately wounded.
Xom alters the dungeon around you.
Two doors burst open!
You hear a loud, deep croak!
The ogre hits you with a +0 giant club!!
Ouch! That really hurt!
* * * LOW HITPOINT WARNING * * *
The hound bites you.
* * * LOW HITPOINT WARNING * * *
Unknown command.
You hit the hound but do no damage.
The hound is moderately wounded.
The hound bites you but does no damage. The ogre hits you with a +0 giant club!
You die...
Xom chuckles heartily!

.. #..$...#.....#....#
..#............#....#
.#.................#
'§§§§§≈.≈≈≈.≈.....#
#.§§.§≈.§...≈.....#
####§≈§§.≈.≈.≈≈≈.....#
#....O.≈.≈.≈.≈.......#
#....h@§......._.<...#
.'.....§§§≈§§§≈.......#
.#....≈§§§≈.≈.≈≈≈.....#
#....≈...≈(§...≈.....##
#....≈.≈≈≈.≈§≈.≈.†....8
#.....................8
......$#..##....##.....8
..######..##....##......
.. #......#....##


You could see an ogre and a hound.

Vanquished Creatures
  3 gnolls (D:2)
  2 adders
  A ribbon worm (D:3)
  2 dart slugs
  3 ball pythons
  4 endoplasms
  3 giant cockroaches
  8 goblins
  4 hobgoblins
  A quokka (D:4)
  5 bats
  3 frilled lizards
  A kobold (D:1)
  5 rats
45 creatures vanquished.

Notes
Turn   | Place    | Note
-------+----------+-------------------------------------------
     0 | D:1      | BirdDuck the Demonspawn Chaos Knight began the quest for
                  | the Orb.
     0 | D:1      | Reached XP level 1. HP: 18/18 MP: 1/1
   295 | D:1      | Gained mutation: You sometimes gain a little power by
                  | taking damage. [demonic ancestry]
   295 | D:1      | Reached XP level 2. HP: 14/23 MP: 2/2
   304 | D:1      | Found Zuriwypy's Armour Shoppe.
   337 | D:1      | Reached skill level 1 in Dodging
   417 | D:1      | XOM: noise
   852 | D:2      | XOM: noise
   865 | D:2      | Discovered your monstrous ancestry.
   865 | D:2      | Gained mutation: You have a small tail. [demonic ancestry]
   865 | D:2      | Reached XP level 3. HP: 21/29 MP: 3/3
   954 | D:2      | XOM: silly message
  1049 | D:2      | Gained mutation: You have a tail ending in a sharp stinger.
                  | [demonic ancestry]
  1049 | D:2      | Reached XP level 4. HP: 27/35 MP: 4/4
  1353 | D:3      | Found an iron altar of Okawaru.
  1371 | D:3      | XOM: 5-stop teleportation journey
  1456 | D:3      | Found a faded altar of an unknown god.
  1551 | D:3      | Found a shimmering altar of Xom.
  1778 | D:3      | XOM: noise
  1819 | D:4      | Found a broken altar of Ashenzari.
  1843 | D:4      | Found an opulent altar of Gozag.
  1848 | D:4      | Noticed an ogre
  1854 | D:4      | XOM: scenery: 2 doors open
  1854 | D:4      | HP: 1/35 [hound (5)]
  1855 | D:4      | Mangled by an ogre

Illustrated notes

Levels and vault maps discovered:
D:1:      minmay_arrival_diagonal_passages, layout_loops_ring, serial_shops,
          nicolae_shop_real_fake_doors
D:2:      layout_rooms, chequers_garden
D:3:      layout_loops_ring, lemuel_tele_altar, kennysheep_okawaru_gauntlet,
          hellmonk_ecumenical_altar_run_dry, minmay_liquid_box
D:4:      layout_gridville, mainiacjoe_overflow_large_starburst,
          nicolae_overflow_hidden_temple, mainiacjoe_overflow_alcove_1,
          small_statue_alley_b, uniq_grinder, uniq_duvessa, uniq_ijyb,
          uniq_blork_the_orc

Skill      XL: |  1  2  3 |
---------------+----------+-----
Dodging        | 1 2 |  2.4
Short Blades   | 3 |  3.4
Armour         | 2 |  2.3
Fighting       | |  3.4
Stealth        | |  0.2

Action                     |  1- 3 |  4- 6 || total
---------------------------+-------+-------++-------
  Melee: Short sword       |    31 |       ||    31
         Dagger            |    73 |    48 ||   121
         Tailslap          |     3 |     3 ||     6
  Evoke: Wand              |       |     1 ||     1
    Use: Scroll            |     4 |     3 ||     7
         Potion            |       |     2 ||     2
 Armour: Leather armour    |    84 |    46 ||   130
  Dodge: Dodged            |    96 |    58 ||   154
